 Dungeon Crawl Stone Soup version 0.20-a0-830-g2c9a30d (webtiles) character file.

3992 M4edhros the Covert (level 10, -2/56 HPs)
             Began as an Octopode Artificer on Mar 7, 2017.
             Was a Priest of Ru.
             Slain by a two-headed ogre
             ... wielding a +0 giant club
              (27 damage)
             ... on level 10 of the Dungeon.
             The game lasted 00:15:52 (10172 turns).

M4edhros the Covert (Octopode Artificer)           Turns: 10172, Time: 00:15:52

Health: -2/56      AC:  2    Str:  6 (11) XL:     10   Next: 23%
Magic:  24/24      EV: 15    Int: 11      God:    Ru [***...]
Gold:   368        SH:  7    Dex: 16 (17) Spells: 9/9 levels left

rFire    . . .     SeeInvis +   d - +4 demon blade (elec)
rCold    . . .     Gourm    .   N - +2 buckler
rNeg     . . .     Faith    .   (helmet restricted)
rPois    .         Spirit   .   (no amulet)
rElec    .         Reflect  .   E - ring of magical power
rCorr    .         Harm     .   P - ring of see invisible
MR       .....                  (no ring)
Stlth    ++++++....             (no ring)
Regen    0.2/turn               (no ring)
MPRegen  0.2/turn               (no ring)
                                (no ring)
                                (no ring)

@: no status effects
A: almost no armour, stealthy swim, amphibious, 8 rings, constrict 8, tentacle
spike 1, camouflage 1, deterioration 1, dopey 1, frail 1, mutation resistance 1,
shaggy fur 1, gelatinous body 1, unskilled 1
a: Draw Out Power, Renounce Religion


You were on level 10 of the Dungeon.
You worshipped Ru.
Ru was most pleased with you.
You were very hungry.

You visited 1 branch of the dungeon, and saw 10 of its levels.

You collected 549 gold pieces.
You spent 181 gold pieces at shops.

Inventory:

Hand Weapons
 d - a +4 demon blade of electrocution (weapon)
 H - a +3 long sword of holy wrath
Missiles
 o - 81 sling bullets
 J - a throwing net (quivered)
Armour
 N - a +2 buckler (worn)
Jewellery
 E - a ring of magical power (left tentacle)
 P - a ring of see invisible (right tentacle)
Wands
 c - a wand of enslavement (5/24)
 g - a wand of acid (8/15)
 B - a wand of confusion (36/48)
 G - a wand of flame (26/48)
Scrolls
 a - a scroll of identify
 h - 5 scrolls of remove curse
 j - 7 scrolls of teleportation
 u - 2 scrolls of torment
 x - 6 scrolls of immolation
 A - 2 scrolls of recharging
Potions
 i - a potion of invisibility
 k - 3 potions of lignification
 m - 3 potions of berserk rage
 n - 2 potions of magic {unknown}
 p - 2 potions of resistance
 q - 6 potions of curing
 t - a potion of heal wounds
 w - 2 potions of cancellation {unknown}
 L - a potion of flight {unknown}
Comestibles
 f - 3 bread rations
 s - 8 fruits
 C - 3 meat rations


   Skills:
 + Level 4.1 Fighting
   Level 0.8(2.3) Short Blades
 * Level 3.5(3.6) Long Blades
 + Level 4.1 Dodging
 + Level 12.4 Stealth
 * Level 3.3 Shields
 + Level 7.1 Evocations


You had 9 spell levels left.
You didn't know any spells.

Dungeon Overview and Level Annotations

Branches:
Dungeon (10/15)            Temple (0/1) D:7             Orc (0/2) D:9
   Lair: D:8-11

Altars:
Dithmenos
Fedhas
Qazlal
Ru
Sif Muna
Uskayaw
Vehumet
Wu Jian

Shops:
D:8 [


Innate Abilities, Weirdness & Mutations

You cannot wear most types of armour.
You are very stealthy in the water. (Stealth+)
You are amphibious.
You can wear up to eight rings at the same time.
You can use your tentacles to constrict eight enemies at once.
Your skin changes colour to match your surroundings (Stealth+).
You are dopey. (Int -2)
You are frail. (-10% HP)
Your rubbery body absorbs attacks. (AC +1, EV +1)
You are somewhat unskilled. (-1 Apt)
One of your tentacles bears a spike.
Your body sometimes deteriorates upon taking damage.
You are somewhat resistant to further mutation.
You are covered in fur. (AC +1)


Message History

Evoke which item? (* to show all) (? for menu, Esc to quit)
Okay, then.
Okay, then.
Okay, then.
The two-headed ogre shouts in stereo!
Found 24 bolts.
You are feeling very hungry.
You slash the two-headed ogre!
Lightning courses through the two-headed ogre!
The two-headed ogre is moderately wounded.
The two-headed ogre misses you. The two-headed ogre barely misses you.
You slash the two-headed ogre!
You pierce the two-headed ogre, but do no damage.
The two-headed ogre is heavily wounded.
You block the two-headed ogre's attack.
The two-headed ogre hits you with a giant club.
You slash the two-headed ogre!
The two-headed ogre is heavily wounded.
The two-headed ogre hits you with a giant club!! x2
You die...

*** *################### ,,*
*.(................##### ,,*
*......................# ,,*
*.......O..........?...# ,,*
*.......@..............##
,,*******........................
,,,,,,,,,...[....................
,,,,,,,,,...............######...
,,,,,,,,,........?......#,,,,#..<
**+******#####+#####....#,,,,#...
,,,,,,,,,,,,,,,,,,,###..+,,,,#...
,,,,,,,,,,,,,,,,,,,,,#..#,,,,#...
*****,,,,,,,,,,,,,,,,+..##+###...


You could see a two-headed ogre.

Vanquished Creatures
  A deep elf mage (D:6)
  The ghost of M4edhros the Covert, a novice OpAr (D:5)
  3 orc warriors
  3 sky beasts
  An ice beast (D:9)
  A hornet zombie (D:5)
  4 ogres
  2 centaurs
  The ghost of Vesto the Conjurer, an amateur OpCj (D:3)
  Blork the orc (D:4)
  2 bullfrogs (D:7)
  2 scorpions
  2 howler monkeys
  2 wights (D:8)
  2 crimson imps
  A bullfrog zombie (D:9)
  2 jellies (D:5)
  2 centaur zombies
  A hound (D:7)
  3 quasits
  8 orc priests
  A bullfrog skeleton (D:9)
  2 gnoll shamans
  7 orc wizards
  An iguana (D:8)
  8 worker ants
  A hound skeleton (D:7)
  A howler monkey skeleton (D:4)
  A howler monkey zombie (D:7)
  17 gnolls
  14 adders
  2 shadow imps
  An ooze (D:4)
  An adder zombie (D:8)
  3 adder skeletons
  3 worms
  5 leopard geckos
  23 orcs
  A giant cockroach (D:1)
  8 goblins
  9 hobgoblins
  3 jackals (D:5)
  5 quokkas
  2 ball pythons
  12 bats
  6 frilled lizards
  11 kobolds
  A leopard gecko skeleton (D:5)
  A quokka zombie (D:7)
  6 rats
201 creatures vanquished.

Vanquished Creatures (collateral kills)
  A gnoll (D:6)
  A shadow imp (D:6)
  An orc (D:8)
3 creatures vanquished.

Vanquished Creatures (others)
  A wight (D:8)
  A jelly (D:7)
  2 orc wizards
  2 gnolls (D:6)
6 creatures vanquished.

Grand Total: 210 creatures vanquished

Notes
Turn   | Place    | Note
-------+----------+-------------------------------------------
     0 | D:1      | M4edhros the Octopode Artificer began the quest for the Orb.
     0 | D:1      | Reached XP level 1. HP: 13/13 MP: 3/3
    43 | D:1      | Reached skill level 2 in Stealth
   409 | D:1      | Reached XP level 2. HP: 11/18 MP: 4/4
   413 | D:1      | Reached skill level 3 in Stealth
   773 | D:2      | Reached skill level 4 in Stealth
  1072 | D:3      | Reached XP level 3. HP: 17/23 MP: 5/5
  1097 | D:3      | Noticed Vesto's ghost (amateur OpCj)
  1132 | D:3      | Reached skill level 5 in Stealth
  1144 | D:3      | Reached XP level 4. HP: 8/28 MP: 6/6
  1396 | D:3      | Killed Vesto's ghost
  1396 | D:3      | Reached skill level 6 in Stealth
  1396 | D:3      | Reached XP level 5. HP: 26/33 MP: 7/7
  1416 | D:4      | Found a sacrificial altar of Ru.
  1484 | D:4      | Reached skill level 7 in Stealth
  1493 | D:4      | Became a worshipper of Ru the Awakened
  1851 | D:2      | Found a blossoming altar of Fedhas.
  2016 | D:2      | Found a faded altar of an unknown god.
  2032 | D:2      | Reached skill level 8 in Stealth
  2457 | D:3      | Reached XP level 6. HP: 24/38 MP: 8/8
  2670 | D:3      | Gained mutation: You are dopey. (Int -2) [Ru sacrifice]
  2852 | D:3      | Reached skill level 9 in Stealth
  3307 | D:4      | Reached skill level 10 in Stealth
  3307 | D:4      | Reached XP level 7. HP: 43/43 MP: 9/9
  3362 | D:4      | Noticed Blork the orc
  3369 | D:4      | Killed Blork the orc
  3611 | D:4      | Found a shadowy altar of Dithmenos.
  3631 | D:4      | Found a hide-covered altar of Uskayaw.
  3753 | D:4      | Reached skill level 11 in Stealth
  4083 | D:4      | Found a stormy altar of Qazlal.
  4366 | D:4      | Reached skill level 12 in Stealth
  4465 | D:5      | Entered Level 5 of the Dungeon
  4518 | D:5      | Reached XP level 8. HP: 12/48 MP: 10/10
  4700 | D:5      | Noticed M4edhros's ghost (novice OpAr)
  4716 | D:5      | Killed M4edhros's ghost
  5009 | D:5      | Reached skill level 5 in Evocations
  5292 | D:6      | Found a deep blue altar of Sif Muna.
  5299 | D:6      | Gained mutation: You are somewhat unskilled. (-1 Apt) [Ru sacrifice]
  5299 | D:6      | Reduced skill Stealth to level 11
  5299 | D:6      | Reached * piety under Ru
  5299 | D:6      | Reached ** piety under Ru
  5350 | D:6      | Reached skill level 5 in Evocations
  5446 | D:6      | Reached XP level 9. HP: 11/55 MP: 12/12
  5836 | D:6      | Found a radiant altar of Vehumet.
  6170 | D:6      | Noticed a deep elf mage
  6177 | D:6      | Killed a deep elf mage
  6177 | D:6      | Reached skill level 1 in Long Blades
  6177 | D:6      | Reached skill level 12 in Stealth
  7167 | D:7      | Reached skill level 1 in Shields
  7620 | D:7      | Found a staircase to the Ecumenical Temple.
  7896 | D:7      | Gained mutation: Your body sometimes deteriorates upon taking damage. [mutagenic meat]
  7897 | D:7      | Gained mutation: Your flesh is cold resistant. (rC+) [mutagenic meat]
  7898 | D:7      | Gained mutation: You are clumsy. (Dex -2) [mutagenic meat]
  7899 | D:7      | Gained mutation: Your magical capacity is low. (-10% MP) [mutagenic meat]
  7900 | D:7      | Gained mutation: You are very dopey. (Int -4) [mutagenic meat]
  7901 | D:7      | Gained mutation: You are weak. (Str -2) [mutagenic meat]
  7904 | D:7      | Lost mutation: Your magical capacity is low. (-10% MP) [potion of mutation]
  7904 | D:7      | Lost mutation: You are weak. (Str -2) [potion of mutation]
  7904 | D:7      | Lost mutation: Your flesh is cold resistant. (rC+) [potion of mutation]
  7904 | D:7      | Lost mutation: You are very dopey. (Int -4) [potion of mutation]
  7904 | D:7      | Gained mutation: You are very clumsy. (Dex -4) [potion of mutation]
  7904 | D:7      | Lost mutation: Your body sometimes deteriorates upon taking damage. [potion of mutation]
  7904 | D:7      | Gained mutation: You are resistant to electric shocks. (rElec) [potion of mutation]
  7905 | D:7      | Lost mutation: You are very clumsy. (Dex -4) [potion of mutation]
  7905 | D:7      | Lost mutation: You are resistant to electric shocks. (rElec) [potion of mutation]
  7905 | D:7      | Gained mutation: You are covered in fur. (AC +1) [potion of mutation]
  7905 | D:7      | Gained mutation: Your body sometimes deteriorates upon taking damage. [potion of mutation]
  7905 | D:7      | Gained mutation: One of your tentacles bears a spike. [potion of mutation]
  7999 | D:8      | Gained mutation: You are frail. (-10% HP) [Ru sacrifice]
  7999 | D:8      | Reached *** piety under Ru
  8114 | D:8      | Found an ornate altar of the Wu Jian Council.
  8251 | D:8      | Reached XP level 10. HP: 25/56 MP: 15/15
  8472 | D:8      | Gained mutation: You are somewhat resistant to further mutation. [mutagenic meat]
  8474 | D:8      | Lost mutation: You are clumsy. (Dex -2) [mutagenic meat]
  9009 | D:8      | Got a steaming shortbow
  9015 | D:8      | Identified the +5 shortbow of Destiny {velocity, rN+ Str-5 Int+3 Dex+2} (You took it off a gnoll shaman on level 8 of the Dungeon)
  9056 | D:8      | Found Paidwoj's Armour Shop.
  9238 | D:8      | Bought a +2 buckler for 181 gold pieces
  9798 | D:9      | Found a staircase to the Orcish Mines.
  9866 | D:9      | Noticed a two-headed ogre
  9965 | D:10     | Entered Level 10 of the Dungeon
 10148 | D:10     | Noticed a two-headed ogre
 10172 | D:10     | Slain by a two-headed ogre

Vault maps used:
D:1:      mrwooster_arrival_statue
D:2:      nicolae_overflow_crystal_walls, chequers_ecumenical_altar_simple
D:3:      first_bread, minmay_tree_intersection
D:4:      nicolae_ru_sacrificial_ziggurat, old_standard_altar,
          eat_drink_and_be_merry_uskayaw, grunt_dithmenos_shadows,
          kennysheep_generic_room_7, uniq_blork_the_orc
D:5:      minmay_diamond_boxcup
D:6:      kennysheep_mini_moat, basic_altar, minivault_25,
          guppyfry_early_elven_hall
D:7:      minmay_temple_entry_nine_rooms
D:8:      lemuel_crystal_altar, serial_shops, shop_fountains
D:9:      orc_0_dummy
D:10:     uniq_erolcha, uniq_psyche, uniq_sonja, uniq_harold, uniq_josephine

Skill      XL: |  1  2  3  4  5  6  7  8  9 10 |
---------------+-------------------------------+-----
Stealth        | 2 4 5 6 8 10 12 11 12 | 12.4
Fighting       | 2 4 |  4.1
Evocations     | 5 6 7 |  7.1
Dodging        | 3 4 |  4.1
Short Blades   | 0 |  0.8
Long Blades    | 2 3 |  3.5
Shields        | 2 3 |  3.3

Action                   |  1- 3 |  4- 6 |  7- 9 | 10-12 || total
-------------------------+-------+-------+-------+-------++-------
Melee: Short sword       |    61 |   115 |    42 |       ||   218
       Constrict         |    13 |    22 |    45 |    13 ||    93
       Tentacles         |     4 |    13 |    50 |    22 ||    89
       Falchion          |       |       |    73 |       ||    73
       Scimitar          |       |       |    10 |       ||    10
       Long sword        |       |       |   101 |    76 ||   177
       Kick              |       |       |     7 |    20 ||    27
       Demon blade       |       |       |       |     6 ||     6
Invok: Sacrifice Purity  |       |     1 |       |       ||     1
       Sacrifice Skill   |       |       |     1 |       ||     1
       Sacrifice Health  |       |       |     1 |       ||     1
Evoke: Wand              |     8 |    10 |    30 |    11 ||    59
  Use: Potion            |       |     3 |     6 |     2 ||    11
       Scroll            |       |     6 |     1 |    15 ||    22
 Stab: Sleeping          |     3 |    20 |    23 |    11 ||    57
       Invisible         |       |     1 |       |     1 ||     2
       Confused          |       |       |     5 |       ||     5
       Distracted        |       |       |     1 |     3 ||     4
  Eat: Chunk             |       |     8 |    16 |     8 ||    32
       Bread ration      |       |       |     1 |       ||     1
       Royal jelly       |       |       |       |     1 ||     1
Armor: Skin              |     7 |    10 |    23 |     7 ||    47
Dodge: Dodged            |    42 |    75 |   152 |    46 ||   315
Block: Buckler           |       |       |    17 |    17 ||    34
       Rpst.: Falchion   |       |       |    20 |       ||    20
       Scimitar          |       |       |     1 |       ||     1
       Long sword        |       |       |    17 |    11 ||    28
